 Dungeon Crawl Stone Soup version 0.19.1 (webtiles) character file.

240 Miant the Poker (level 5, -5/42 HPs)
             Began as a Demonspawn Berserker on Dec 1, 2016.
             Was a Priest of Trog.
             Killed by divine providence
             ... invoked by an orc priest
              (16 damage)
             ... on level 4 of the Dungeon on Dec 13, 2016.
             The game lasted 00:26:12 (3999 turns).

Miant the Poker (Demonspawn Berserker)              Turns: 3999, Time: 00:26:12

Health: -5/42      AC:  8    Str: 15 (17) XL:     5   Next: 80%
Magic:  5/5        EV: 11    Int:  8 (9)  God:    Trog [***...]
Gold:   159        SH:  0    Dex: 10 (13) Spells: 0 memorised, 4 levels left

rFire  + . .     SeeInvis .     w - +2 trident (venom)
rCold  . . .     Gourm    .     r - +2 ring mail {rPois}
rNeg   . . .     Faith    .     (no shield)
rPois  +         Spirit   .     (no helmet)
rElec  .         Reflect  .     (no cloak)
rCorr  .         Harm     .     (no gloves)
MR     .....                    i - +0 pair of boots
Stlth  ++........               v - amulet of magic regeneration
                                (no ring)
                                p - ring of stealth

@: exhausted, slowed, very slow
A: fire resistance 1, sturdy frame 1
a: Berserk, Trog's Hand, Burn Spellbooks, Renounce Religion


You were on level 4 of the Dungeon.
You worshipped Trog.
Trog was most pleased with you.
You were hungry.

You visited 1 branch of the dungeon, and saw 4 of its levels.

You collected 159 gold pieces.

Inventory:

Hand Weapons
 w - a +2 trident of venom (weapon)
Missiles
 a - 9 tomahawks (quivered)
Armour
 i - a +0 pair of boots (worn)
 r - a +2 ring mail of poison resistance (worn)
Jewellery
 p - a ring of stealth (left hand)
 v - an amulet of magic regeneration (around neck)
Wands
 b - a wand of slowing (22/48)
 n - a wand of lightning (8/15)
Scrolls
 d - 2 scrolls of recharging {unknown}
 e - a scroll of fear {unknown}
 f - 2 scrolls of identify {unknown}
 l - 3 scrolls of teleportation
 m - 2 scrolls of amnesia {unknown}
 o - a scroll of remove curse
 q - a scroll of random uselessness {unknown}
 s - 2 scrolls of noise {unknown}
Potions
 j - 2 potions of degeneration
 x - a potion of might {unknown}
Comestibles
 c - 2 bread rations
 g - 4 fruits
 h - a slice of pizza
 t - 3 chunks of flesh
 u - a beef jerky


   Skills:
 + Level 4.0 Fighting
 + Level 4.6 Polearms
 + Level 3.1 Armour
 - Level 1.7 Dodging
 - Level 0.2 Stealth


You had 4 spell levels left.
You didn't know any spells.

Dungeon Overview and Level Annotations

Branches:
Dungeon (4/15)
 Temple: D:4-7

Altars:
Gozag
Sif Muna
Yredelemnul

Annotations:
D:4 Yurafenix's ghost, amateur MiFi


Innate Abilities, Weirdness & Mutations

Your flesh is heat resistant. (rF+)
Your movements are slightly less encumbered by armour. (ER -2)


Message History

You puncture the orc!
You kill the orc!
Trog accepts your kill.
The orc throws a tomahawk.
The tomahawk hits you but does no damage.
You see here 3 tomahawks.
You feel a strong urge to attack something.
The orc throws a tomahawk.
The tomahawk hits you but does no damage.
You see here a tomahawk.
You feel your anger subside.
You are no longer berserk.
You are exhausted.
You feel yourself slow down.
It was a potion of degeneration.
There was something very wrong with that liquid.
You feel weakened.
You feel dopey.
You feel clumsy.
It was a potion of magic.
Magic courses through your body.
The orc priest invokes the aid of Beogh against you.
Beogh smites you!
You die...

###.# #.# #.# #.##
#..### #....###
#..#....##
################...##
#...@....### ###..)
#..o#......# ###.
#..(##.....## ##
+..(##......###
#.o.####......# #..)#
######.# ### #...#
#)###..# #...#
#......## #...#
##......#


You could see an orc priest and an orc.

Vanquished Creatures
  2 orc wizards
  Jessica (D:2)
  2 worker ants (D:4)
  5 adders
  An ooze (D:3)
  A worm (D:3)
  2 dart slugs (D:1)
  A leopard gecko (D:1)
  4 orcs
  6 bats
  2 giant cockroaches
  5 goblins
  7 hobgoblins
  8 kobolds
  4 frilled lizards
  10 rats
  A plant (D:1)
62 creatures vanquished.

Notes
Turn   | Place    | Note
-------+----------+-------------------------------------------
     0 | D:1      | Miant the Demonspawn Berserker began the quest for the Orb.
     0 | D:1      | Reached XP level 1. HP: 18/18 MP: 1/1
   357 | D:1      | Gained mutation: Your movements are slightly less encumbered by armour. (ER -2) [demonic ancestry]
   357 | D:1      | Reached XP level 2. HP: 18/24 MP: 2/2
  1387 | D:1      | Reached ** piety under Trog
  1516 | D:1      | Reached XP level 3. HP: 28/29 MP: 3/3
  1707 | D:2      | Noticed Jessica
  1731 | D:2      | Killed Jessica
  1731 | D:2      | Reached XP level 4. HP: 9/37 MP: 4/4
  2154 | D:2      | Found a basalt altar of Yredelemnul.
  2189 | D:2      | Found a faded altar of an unknown god.
  2289 | D:2      | Found a faded altar of an unknown god.
  2289 | D:2      | Found an opulent altar of Gozag.
  2300 | D:2      | Found a faded altar of an unknown god.
  2304 | D:2      | Found a faded altar of an unknown god.
  2305 | D:2      | Found a faded altar of an unknown god.
  2382 | D:2      | Found a deep blue altar of Sif Muna.
  2583 | D:2      | Gained mutation: Your flesh is heat resistant. (rF+) [demonic ancestry]
  2583 | D:2      | Reached XP level 5. HP: 33/42 MP: 5/5
  3216 | D:3      | Reached *** piety under Trog
  3654 | D:4      | Noticed Yurafenix's ghost (amateur MiFi)
  3999 | D:4      | Killed from afar by an orc priest

Skill      XL: |  1  2  3  4  5 |
---------------+----------------+-----
Polearms       | 3 4 |  4.6
Armour         | 2 3 |  3.1
Fighting       | 4 |  4.0
Dodging        | |  1.7
Stealth        | |  0.2

Action                   |  1- 3 |  4- 6 || total
-------------------------+-------+-------++-------
Melee: Spear             |   330 |   144 ||   474
       Dagger            |    17 |       ||    17
       Trident           |       |    17 ||    17
Invok: Berserk           |     2 |     2 ||     4
  Use: Scroll            |     1 |     1 ||     2
       Potion            |       |     2 ||     2
  Eat: Chunk             |     3 |     5 ||     8
       Fruit             |     1 |       ||     1
       Bread ration      |       |     1 ||     1
Armor: Animal skin       |    16 |       ||    16
       Chain mail        |    60 |    64 ||   124
       Leather armour    |     5 |       ||     5
       Ring mail         |       |    14 ||    14
Dodge: Dodged            |    89 |    75 ||   164
